 Dungeon Crawl Stone Soup version 0.31.0-12-g77e489cdc1 (webtiles) character file.

Game seed: 8493998664128657564

286 lordive the Twirler (level 6, -2/52 HPs)
             Began as a Minotaur Gladiator on Feb 28, 2024.
             Slain by a gnoll
             ... wielding a +0 whip
              (7 damage)
             ... on level 4 of the Dungeon.
             The game lasted 00:02:15 (1130 turns).

lordive the Twirler (Minotaur Gladiator)            Turns: 1130, Time: 00:02:16

Health: -2/52      AC:  3    Str: 18    XL:     6   Next: 8%
Magic:  5/5        EV:  7    Int:  7    God:
Gold:   122        SH:  0    Dex: 12    Spells: 5/5 levels left

rFire   . . .        a - +0 quarterstaff
rCold   . . .        (shield currently unavailable)
rNeg    . . .        b - +0 leather armour
rPois   .            c - +0 hat
rElec   .            (no cloak)
rCorr   .            (no gloves)
SInv    .            (no boots)
Will    .....        (no amulet)
Stlth   +            (no ring)
HPRegen 0.28/turn    (no ring)
MPRegen 0.09/turn

%: no passive effects
@: lethally poisoned (-2 -> -16), held
A: horns 2, retaliatory headbutt
a: no special abilities


You were on level 4 of the Dungeon.
You visited 1 branch of the dungeon, and saw 4 of its levels.

You collected 122 gold pieces.

Inventory:

Hand Weapons
 a - a +0 quarterstaff (weapon)
Missiles
 d - 2 throwing nets (quivered)
 e - a javelin
Armour
 b - a +0 leather armour (worn)
 c - a +0 hat (worn)
Jewellery
 l - an amulet of faith
Scrolls
 f - 6 scrolls of identify {unknown}
 i - a scroll of fear {unknown}
 j - 3 scrolls of teleportation {unknown}
 k - a scroll of enchant weapon {unknown}
 m - 3 scrolls of noise {unknown}
 n - a scroll of enchant armour {unknown}
Potions
 g - a potion of degeneration {unknown}
 h - 3 potions of curing {unknown}


   Skills:
 + Level 3.8 Fighting
 + Level 6.2 Staves
 - Level 2.0 Throwing
 + Level 2.8 Armour
 + Level 4.4 Dodging


You had 5 spell levels left.
You didn't know any spells.
Your spell library contained the following spells:

 Spells                   Type           Power      Damage    Failure   Level
 Freeze                   Ice            0%         1d3       50%         1
 Magic Dart               Conj           0%         1d3       50%         1
 Blink                    Tloc           0%         N/A       63%         2
 Call Imp                 Summ           0%         N/A       63%         2
 Frozen Ramparts          Ice            0%         1d1       86%         3
 Hailstorm                Conj/Ice       0%         3d5       86%         3


Dungeon Overview and Level Annotations

Branches:
Dungeon (4/15)
 Temple: D:4-7

Altars:


Innate Abilities, Weirdness & Mutations

You have a pair of horns on your head.
You reflexively headbutt those who attack you in melee.


Message History

You kill the goblin!
Things that are here:
a +0 dagger; a goblin corpse
Things that are here:
a +0 dagger; a goblin corpse A gnoll comes into view.
It is wielding a +0 flail of protection.
A gnoll comes into view.
It is wielding a +0 whip and quivering a throwing net.
The gnoll shouts!
A gnoll comes into view. It is wielding a +0 sling.
The gnoll shouts!
You hear a shout!
A gnoll comes into view. It is wielding a +2 halberd of venom.
The gnoll shouts!
A hobgoblin comes into view.
The gnoll hits you but does no damage.
You barely miss the gnoll. Your headbutt misses the gnoll.
The gnoll misses you.
The gnoll hits you with a +0 flail of protection!
* * * LOW HITPOINT WARNING * * *
You hit the gnoll.
The gnoll is moderately wounded.
The gnoll misses you. The gnoll barely misses you.
The gnoll attacks as it pursues you! The gnoll misses you.
The gnoll attacks as it pursues you! The gnoll completely misses you.
You furiously retaliate!
You headbutt the gnoll. The gnoll attacks as it pursues you!
The gnoll hits you with a +0 whip.
* * * LOW HITPOINT WARNING * * *
The gnoll throws a throwing net.
The throwing net hits you.
You become entangled in the net!
You see here a throwing net.
You struggle against the net.
The gnoll hits you with a +0 flail of protection.
* * * LOW HITPOINT WARNING * * *
You struggle against the net.
The gnoll barely misses you.
You struggle against the net.
The gnoll hits you from afar with a +2 halberd of venom!
* * * LOW HITPOINT WARNING * * *
You are lethally poisoned!
The gnoll closely misses you. The gnoll hits you with a +0 whip!
You die...

#...#.#................###
.....)....................
#.........................
##..........#................
#........###................
#.....)...#...............#
##.....#...................
......#..................###
.
#.......#......@g......#....#
.? .<
#....###g.....###...#... .
..###..##gg..).....#..... ...
.>##...###.....†..... .. #..
#...#.#.........#. ..
#..##...##........
....#[..#..###.....##.
#..........# #.....#
###...#..### ##.!....


You could see 4 gnolls.

Vanquished Creatures
  A black bear (D:4)
  A phantom (D:4)
  A scorpion (D:3)
  An iguana (D:4)
  A gnoll (D:1)
  2 ball pythons
  6 endoplasms
  A giant cockroach (D:1)
  2 hobgoblins
  2 quokkas
  3 bats (D:1)
  3 frilled lizards
  3 goblins
  4 kobolds
  6 rats
37 creatures vanquished.

Notes
Turn   | Place    | Note
-------+----------+-------------------------------------------
     0 | D:1      | lordive the Minotaur Gladiator began the quest for the Orb.
     0 | D:1      | Reached XP level 1. HP: 18/18 MP: 0/0
    89 | D:1      | Reached skill level 4 in Staves
    89 | D:1      | Reached XP level 2. HP: 2/25 MP: 1/1
    96 | D:1      | HP: 1/25 [rat (3)]
   102 | D:1      | HP: 1/25 [goblin/+0 club (1)]
   385 | D:2      | Reached XP level 3. HP: 30/30 MP: 2/2
   595 | D:2      | Reached skill level 1 in Armour
   751 | D:3      | Noticed a scorpion
   757 | D:3      | Killed a scorpion
   758 | D:3      | Reached skill level 5 in Staves
   758 | D:3      | Reached XP level 4. HP: 23/38 MP: 3/3
   925 | D:4      | Noticed a black bear
   933 | D:4      | Killed a black bear
   934 | D:4      | Reached XP level 5. HP: 29/45 MP: 4/4
   997 | D:4      | Noticed a phantom
  1011 | D:4      | Killed a phantom
  1012 | D:4      | Reached skill level 6 in Staves
  1099 | D:4      | Reached XP level 6. HP: 20/52 MP: 5/5
  1130 | D:4      | Slain by a gnoll

Illustrated notes

Levels and vault maps discovered:
D:1:      wander_arrival_lonely_grave, layout_loops_ring,
          minmay_misc_feat_square, minmay_pentomino_w4
D:2:      layout_basic, st_stairs_11, minmay_misc_feat_ornament
D:3:      layout_basic
D:4:      layout_cave_pools, uniq_blork_the_orc

Skill      XL: |  1  2  3  4  5 |
---------------+----------------+-----
Staves         | 4 5 6 |  6.2
Armour         | 1 2 |  2.8
Fighting       | 3 |  3.8
Dodging        | 4 |  4.4
Throwing       | |  2.0

Action                     |  1- 3 |  4- 6 || total
---------------------------+-------+-------++-------
  Melee: Quarterstaff      |    51 |    28 ||    79
         Headbutt          |     7 |     3 ||    10
  Throw: Throwing net      |     2 |       ||     2
 Armour: Leather armour    |    25 |    26 ||    51
  Dodge: Dodged            |    29 |    21 ||    50
